 Dungeon Crawl Stone Soup version 0.27-a0-819-g058290f16d (webtiles) character file.

Game seed: 2451506274384475988

186 polve the Cleaver (level 5, -4/67 HPs)
             Began as a Hill Orc Berserker on Mar 29, 2021.
             Was a Believer of Trog.
             Slain by a scorpion (7 damage)
             ... on level 4 of the Dungeon.
             The game lasted 00:02:44 (3824 turns).

polve the Cleaver (Hill Orc Berserker)              Turns: 3824, Time: 00:02:45

Health: -4/67      AC:  8    Str: 20    XL:     5   Next: 65%
Magic:  5/5        EV: 11    Int:  7    God:    Trog [**....]
Gold:   122        SH:  0    Dex: 11    Spells: 4/4 levels left

rFire    . . .     SeeInvis .   a - +0 hand axe
rCold    . . .     Faith    .   (no shield)
rNeg     . . .     Spirit   .   l - +0 ring mail
rPois    .         Reflect  .   (no helmet)
rElec    .         Harm     .   (no cloak)
rCorr    .         Rampage  .   (no gloves)
Will     .....                  p - +2 pair of boots
Stlth    ..........             (no amulet)
HPRegen  0.21/turn              (no ring)
MPRegen  0.09/turn              (no ring)

@: berserking (expiring), lethally poisoned (-4 -> -20), very quick
A: no striking features
a: Renounce Religion, Berserk, Trog's Hand


You were on level 4 of the Dungeon.
You worshipped Trog.
Trog was pleased with you.
You visited 1 branch of the dungeon, and saw 4 of its levels.

You collected 122 gold pieces.

Inventory:

Hand Weapons
 a - a +0 hand axe (weapon)
Armour
 e - a +0 pair of boots
 l - a +0 ring mail (worn)
 p - a +2 pair of boots (worn)
Jewellery
 i - an amulet of reflection
Wands
 m - a wand of random effects (18)
Scrolls
 b - a scroll of enchant armour {unknown}
 d - a scroll of magic mapping {unknown}
 f - a scroll of amnesia {unknown}
 j - 2 scrolls of identify {unknown}
 o - a scroll of noise {unknown}
 q - a scroll of vulnerability {unknown}
Potions
 c - 2 potions of haste {unknown}
 g - a potion of lignification {unknown}
 h - a potion of heal wounds {unknown}
 k - 2 potions of curing {unknown}
 n - a potion of flight {unknown}


   Skills:
 - Level 3.6 Fighting
 + Level 8.1 Axes
 - Level 2.1 Armour
 - Level 1.5 Dodging


You had 4 spell levels left.
You didn't know any spells.
Your spell library was empty.

Dungeon Overview and Level Annotations

Branches:
Dungeon (4/15)
 Temple: D:4-7

Altars:

Shops:
D:2 (   D:3 [


Message History

You closely miss the scorpion. You completely miss the scorpion.
You hit the gnoll. You barely miss the gnoll.
You feel sick. The gnoll hits you with a +0 halberd!
The gnoll barely misses you.
You slash the gnoll!
You kill the gnoll!
Trog accepts your kill.
You hit the scorpion. You slash the scorpion! You hit the gnoll.
You kill the gnoll!
Trog accepts your kill.
You hit the gnoll.
You feel sick. The scorpion stings you!
* * * LOW HITPOINT WARNING * * *
The scorpion stings you.
* * * LOW HITPOINT WARNING * * *
You are lethally poisoned!
The scorpion poisons you!
Your Axes skill increases to level 8!
You slash the gnoll!
You kill the gnoll!
Trog accepts your kill.
You closely miss the scorpion. You hit the scorpion.
* * * LOW HITPOINT WARNING * * *
You feel very sick.
The goblin throws a poisoned dart.
The poisoned dart barely misses you.
You hit the scorpion.
The scorpion is severely wounded.
You closely miss the scorpion.
* * * LOW HITPOINT WARNING * * *
You feel very sick. The scorpion stings you.
* * * LOW HITPOINT WARNING * * *
The scorpion closely misses you.
The goblin throws a poisoned dart.
The poisoned dart closely misses you.
You hit the scorpion.
The scorpion is severely wounded.
You closely miss the scorpion.
* * * LOW HITPOINT WARNING * * *
You feel very sick.
The scorpion stings you but does no damage.
The scorpion stings you!
You die...

#.........
########## #........
# #........ #
#........ #
#........ #
######.g...... #
#............# #####
#.....)):....# ....#
#.....@)......
###.#####
#....)ss....##
#.....#
#.....$.....#
#####.#
#...........# #..#.#
#...........#
#....########'######
##...##.......#
###.##'########
#.#.........#


You could see 2 scorpions and a goblin.

Vanquished Creatures
  2 hounds (D:4)
  An adder (D:3)
  4 gnolls (D:4)
  An ufetubus (D:4)
  An adder skeleton (D:4)
  A dart slug (D:3)
  A worm (D:2)
  6 endoplasms
  A giant cockroach (D:2)
  3 goblins
  5 hobgoblins
  4 jackals
  2 kobolds
  9 quokkas
  8 ball pythons
  4 bats
  8 frilled lizards
  4 rats
65 creatures vanquished.

Notes
Turn   | Place    | Note
-------+----------+-------------------------------------------
     0 | D:1      | polve the Hill Orc Berserker began the quest for the Orb.
     0 | D:1      | Reached XP level 1. HP: 19/19 MP: 1/1
   347 | D:1      | Reached XP level 2. HP: 26/26 MP: 2/2
   370 | D:1      | Reached skill level 5 in Axes
  1135 | D:1      | Reached XP level 3. HP: 21/31 MP: 3/3
  1661 | D:2      | Reached ** piety under Trog
  1896 | D:2      | Found Ozxesy's Antique Weapon Emporium.
  1960 | D:2      | Reached skill level 6 in Axes
  2307 | D:3      | Reached XP level 4. HP: 38/39 MP: 4/4
  2565 | D:3      | Found Wathry's Antique Armour Emporium.
  3139 | D:4      | Reached skill level 7 in Axes
  3538 | D:4      | Reached XP level 5. HP: 29/45 MP: 5/5
  3822 | D:4      | Reached skill level 8 in Axes
  3824 | D:4      | HP: 3/67 [poisoned by a scorpion]
  3824 | D:4      | Slain by a scorpion

Illustrated notes

Levels and vault maps discovered:
D:1:      minmay_arrival_four_houses, layout_basic
D:2:      layout_rooms, serial_shops, nicolae_shop_stone,
          chequers_serial_rivers_large_a
D:3:      layout_basic, serial_shops, shop
D:4:      layout_basic

Skill      XL: |  1  2  3  4  5 |
---------------+----------------+-----
Axes           | 5 6 7 8 |  8.1
Fighting       | |  3.6
Armour         | |  2.1
Dodging        | |  1.5

Action                   |  1- 3 |  4- 6 || total
-------------------------+-------+-------++-------
Melee: Hand axe          |   121 |    87 ||   208
Invok: Berserk           |       |     1 ||     1
Armor: Animal skin       |    17 |       ||    17
       Ring mail         |     3 |    44 ||    47
Dodge: Dodged            |    72 |    69 ||   141

Table legend: (Time is in decaauts)
 A = Elapsed time spent in this place.
 B = Non-inter-level travel time spent in this place.
 C = Inter-level travel time spent in this place.
 D = Time resting spent in this place.
 E = Time spent auto-exploring this place.
 F = Levels seen in this place.
 G = Mean time per level.
                   A        B        C        D        E       F      G
               +--------+--------+--------+--------+--------+-----+--------+
         Total |   3833 |   3721 |    112 |      0 |   3311 |   4 |  958.2 |
       Dungeon |   3833 |   3721 |    112 |      0 |   3311 |   4 |  958.2 |
               +--------+--------+--------+--------+--------+-----+--------+

Top non-repeatable levels by time:
     D:1: 1550 daAuts
     D:3: 847 daAuts
     D:2: 739 daAuts
     D:4: 696 daAuts
